 Dungeon Crawl Stone Soup version 0.29.0-13-gc9e81de378 (webtiles) character file.

Game seed: 13553014519180604785

7 Ofeo the Firebug (level 2, -3/20 HPs)
             Began as a Meteoran Fire Elementalist on Sept 9, 2022.
             Frozen to death by an endoplasm (4 damage)
             ... on level 1 of the Dungeon.
             The game lasted 00:00:40 (83 turns).

Ofeo the Firebug (Meteoran Fire Elementalist)         Turns: 83, Time: 00:00:40

Health: -3/20      AC:  2    Str:  9    XL:     2   Next: 23%
Magic:  1/6        EV: 12    Int: 16    God:
Gold:   0          SH:  0    Dex: 14    Spells: 5/6 levels left

rFire   . . .      SeeInvis .   (no weapon)
rCold   . . .      Faith    .   (no shield)
rNeg    . . .      Spirit   .   a - +0 robe
rPois   .          Reflect  .   (no helmet)
rElec   .          Harm     .   (no cloak)
rCorr   .          Rampage  .   (no gloves)
Will    .....                   (no boots)
Stlth   +.........              (no amulet)
HPRegen 0.06/turn               (no ring)
MPRegen 0.10/turn               (no ring)

@: glowing
A: sense surroundings 1, otherworldly, glowing, explore regen
a: no special abilities


You were on level 1 of the Dungeon.
You visited 1 branch of the dungeon, and saw 1 of its levels.

Inventory:

Armour
 a - a +0 robe (worn)
Jewellery
 c - a ring of wizardry
Potions
 b - a potion of magic


   Skills:
 + Level 2.6 Dodging
 + Level 1.5 Stealth
 + Level 2.8 Spellcasting
 + Level 1.5 Conjurations
 + Level 3.7 Fire Magic


You had 5 spell levels left.
You knew the following spells:

 Your Spells              Type           Power      Damage    Failure   Level
a - Foxfire               Conj/Fire      40%        2x1d6     6%          1

Your spell library contained the following spells:

 Spells                   Type           Power      Damage    Failure   Level
 Scorch                   Fire           28%        2d6       6%          2
 Conjure Flame            Conj/Fire      10%        6-21      19%         3
 Inner Flame              Hex/Fire       8%         N/A       26%         3
 Flame Wave               Conj/Fire      10%        2d6       54%         4


Dungeon Overview and Level Annotations

Branches:
Dungeon (1/15) Zot: 516

Altars:


Innate Abilities, Weirdness & Mutations

You passively map a small area around you.
You are easily found by Zot.
You glow in the dark.
You regain HP and MP as you explore.


Message History

The giant cockroach is almost dead.
The foxfire hits the giant cockroach.
You kill the giant cockroach!
The endoplasm hits you.
* * * LOW HITPOINT WARNING * * *
The kobold throws a stone.
The stone closely misses you.
The stone hits the endoplasm but does no damage.
You take 3 damage, and have 5/20 hp.
Casting: Foxfire (safe; 6% risk of failure)
Confirm with . or Enter, or press ? or * to list all spells.
You conjure some foxfire!
The endoplasm barely misses you.
You now have 0/6 mp.
You closely miss the kobold.
The foxfire hits the kobold.
You kill the kobold!
The foxfire hits the endoplasm.
The endoplasm is heavily wounded.
The endoplasm closely misses you.
The endoplasm jiggles.
Things that are here:
a +0 whip; 5 stones The endoplasm attacks as you move away!
The endoplasm misses you. The endoplasm attacks as you move away!
The endoplasm barely misses you. The endoplasm attacks as you move away!
The endoplasm barely misses you.
A dart slug comes into view.
You see here a ring of wizardry.
c - a ring of wizardry The endoplasm freezes you.
You are frozen.
* * * LOW HITPOINT WARNING * * *
You take 4 damage, and have 2/20 hp.
The dart slug launches a dart at you. The slug dart hits you.
* * * LOW HITPOINT WARNING * * *
You take 1 damage, and have 1/20 hp.
Casting: Foxfire (safe; 6% risk of failure)
Confirm with . or Enter, or press ? or * to list all spells.
You conjure some foxfire!
The endoplasm freezes you.
You are frozen.
You die...

#####...####
,... ##.## ,
.... * *
#g#### .w.,**
* #g##.. ,
...** , #J##.#
* #.#* #.##.#
#.# *
#.##.######.#
#....)...g..##
####.#.#.#J@v#
*,
#........v.#*
###.#........#
*
#......###....
######## **###


You could see a dart slug, an endoplasm (ally target) and a goblin.

Vanquished Creatures
  A dart slug (D:1)
  2 bats (D:1)
  A giant cockroach (D:1)
  A ball python (D:1)
  A kobold (D:1)
6 creatures vanquished.

Vanquished Creatures (others)
  16 foxfires (D:1)
16 creatures vanquished.

Grand Total: 22 creatures vanquished

Notes
Turn   | Place    | Note
-------+----------+-------------------------------------------
     0 | D:1      | Ofeo the Meteoran Fire Elementalist began the quest for the
                  | Orb.
     0 | D:1      | Reached XP level 1. HP: 14/14 MP: 5/5
    43 | D:1      | Reached XP level 2. HP: 19/20 MP: 2/6
    82 | D:1      | HP: 1/20 [dart slug/slug dart (2)]
    83 | D:1      | Frozen to death by an endoplasm

Illustrated notes

Levels and vault maps discovered:
D:1:      minmay_arrival_stair_chambers, layout_loops_corners, serial_glass,
          glass_columns_a, glass_columns_a

Action                   || total
-------------------------++-------
Melee: Unarmed           ||     5
 Cast: Foxfire           ||    12
Armor: Robe              ||     8
Dodge: Dodged            ||    18
